 Dungeon Crawl Stone Soup version 0.23.0 (webtiles) character file.

Game seed: 16416014781784584789

72 Monsterracer the Poker (level 4, -1/37 HPs)
             Began as a Merfolk Chaos Knight on Feb 10, 2019.
             Was a Plaything of Xom.
             Slain by Robin
             ... wielding a +0 spear
              (5 damage)
             ... on level 2 of the Dungeon.
             The game lasted 00:01:28 (921 turns).

Monsterracer the Poker (Merfolk Chaos Knight)        Turns: 921, Time: 00:01:29

Health: -1/37      AC:  6    Str: 12    XL:     4   Next: 25%
Magic:  4/4        EV: 13    Int: 13    God:    Xom [...*..]
Gold:   116        SH:  0    Dex: 14    Spells: 3/3 levels left

rFire    . . .     SeeInvis .   a - +0 spear (chaos)
rCold    . . .     Gourm    .   (no shield)
rNeg     . . .     Faith    .   b - +2 leather armour
rPois    .         Spirit   .   (no helmet)
rElec    .         Reflect  .   (no cloak)
rCorr    .         Harm     .   (no gloves)
MR       .....                  f - +0 pair of boots
Stlth    +.........             (no amulet)
HPRegen  0.12/turn              (no ring)
MPRegen  0.09/turn              (no ring)

@: no status effects
A: change form in water, swift swim, stealthy swim, clever 1, wild magic 1,
evolution 1
a: Renounce Religion


You were on level 2 of the Dungeon.
You worshipped Xom.
You were a favourite toy of Xom.
You were not hungry.

You visited 1 branch of the dungeon, and saw 2 of its levels.

You collected 116 gold pieces.

Inventory:

Hand Weapons
 a - a +0 spear of chaos (weapon)
Armour
 b - a +2 leather armour (worn)
 f - a +0 pair of boots (worn)
Scrolls
 d - a scroll of amnesia {unknown}
 e - a scroll of immolation {unknown}
 g - a scroll of teleportation {unknown}
 h - a scroll of fear {unknown}
Comestibles
 c - a ration


   Skills:
 + Level 3.9 Fighting
 * Level 6.0 Polearms
 - Level 0.6 Armour
 + Level 3.6 Dodging


You had 3 spell levels left.
You didn't know any spells.
Your spell library was empty.

Dungeon Overview and Level Annotations

Branches:
Dungeon (2/15)

Altars:

Annotations:
D:2 1 runed translucent door, Crazy Yiuf, Robin


Innate Abilities, Weirdness & Mutations

You revert to your normal form in water You are very nimble and swift while swimming.
You are very stealthy in the water. (Stealth+)
Your mind is acute. (Int +2)
Your spells are a little harder to cast, but a little more powerful.
You evolve.


Message History

Robin closely misses you.
You take 1 damage, and have 32/37 hp.
You hit the hobgoblin but do no damage.
The hobgoblin appears confused.
The hobgoblin closely misses the goblin.
The goblin misses you.
Robin roars a battlecry!
The goblin goes into a battle-frenzy!
You hit the hobgoblin.
The hobgoblin appears confused.
The hobgoblin is lightly wounded.
The hobgoblin hits Robin.
The goblin hits you but does no damage.
You hit the hobgoblin but do no damage.
The hobgoblin is lightly wounded.
Robin hits you from afar with a +0 spear.
The hobgoblin closely misses the goblin.
The goblin hits you but does no damage.
You take 1 damage, and have 31/37 hp.
You hit the hobgoblin.
The hobgoblin is poisoned.
The hobgoblin is severely wounded.
Robin barely misses you.
You hit the hobgoblin.
The hobgoblin is almost dead.
You kill the hobgoblin!
Your Polearms skill increases to level 6!
You kill the goblin!
Robin misses you. Robin hits you but does no damage.
Things that are here:
a cursed +0 dagger; a goblin corpse Unknown command.
Robin hits you from afar with a +0 spear.
You take 1 damage, and have 30/37 hp.
Robin misses you.
There is an open door here.
You see here a hobgoblin corpse.
Robin closely misses you. Robin barely misses you.
Robin says, "My goblins will feast on your bones."
Robin hits you but does no damage. Robin closely misses you.
Robin closely misses you. Robin hits you with a +0 spear.
You take 5 damage, and have 26/37 hp.
Robin hits you but does no damage. Robin closely misses you.
Robin laughs in a distinctly smug fashion.
Robin misses you. Robin misses you.
Robin says, "My goblins will feast on your bones."
Robin misses you. Robin hits you with a +0 spear.
You take 4 damage, and have 22/37 hp.
Robin hits you but does no damage. Robin hits you but does no damage.
Robin hits you with a +0 spear.
You take 1 damage, and have 22/37 hp.
Robin closely misses you. Robin misses you.
Your shadow imp degenerates into a cloud of primal chaos!
Robin hits you but does no damage. Robin closely misses you.
Robin barely misses you. Robin barely misses you.
Robin hits you with a +0 spear.
You take 3 damage, and have 20/37 hp.
Robin hits you with a +0 spear.
* * * LOW HITPOINT WARNING * * *
You take 2 damage, and have 18/37 hp.
Robin hits you but does no damage. Robin hits you with a +0 spear.
* * * LOW HITPOINT WARNING * * *
You take 1 damage, and have 17/37 hp.
Robin misses you.
Your crimson imp disappears in a puff of smoke!
Robin misses you. Robin hits you with a +0 spear.
* * * LOW HITPOINT WARNING * * *
You take 4 damage, and have 13/37 hp.
Robin completely misses you. Robin hits you but does no damage.
Robin misses you. Robin barely misses you. Robin hits you with a +0 spear.
* * * LOW HITPOINT WARNING * * *
You take 6 damage, and have 8/37 hp.
Robin closely misses you. Robin barely misses you. Robin barely misses you.
Robin closely misses you. Robin hits you with a +0 spear.
* * * LOW HITPOINT WARNING * * *
You take 1 damage, and have 7/37 hp.
Robin misses you. Robin hits you with a +0 spear.
* * * LOW HITPOINT WARNING * * *
You take 3 damage, and have 4/37 hp.
Robin barely misses you. Robin closely misses you. Robin closely misses you.
Robin hits you with a +0 spear.
You die...

.##### ##..#########.# .#####
#.## #.# # .....# #(# ####.####
## .###.# ##'## #.......# ##. .#
#.# ##...## #.##.##.# #.# .###.#
##.....## #.##.##.# #.#
..##.###.......## #.#..##.# #.#
...#.##........)###....##.######.
......'.........@g)...........†..
.....##....<..<.###.......#######
#.######.......## ###..#### # ###
##.....## ##.# # .# ##...## #.# #
.### ##'## .# # .).# #.# .# #
.#.##### #.# # ...(...####.##


You could see Robin.

Vanquished Creatures
  A crimson imp (D:2)
  A leopard gecko (D:1)
  3 bats
  5 giant cockroaches (D:1)
  8 goblins
  6 hobgoblins
  2 jackals (D:1)
  A frilled lizard (D:1)
  2 kobolds
  A rat (D:1)
30 creatures vanquished.

Notes
Turn   | Place    | Note
-------+----------+-------------------------------------------
     0 | D:1      | Monsterracer the Merfolk Chaos Knight began the quest for
                  | the Orb.
     0 | D:1      | Reached XP level 1. HP: 18/18 MP: 1/1
    33 | D:1      | XOM: divination: detect items
   131 | D:1      | Reached XP level 2. HP: 24/24 MP: 2/2
   208 | D:1      | Reached skill level 5 in Polearms
   208 | D:1      | XOM: give mutations
   208 | D:1      | Gained mutation: Your mind is acute. (Int +2) [Xom's grace]
   208 | D:1      | Gained mutation: Your spells are a little harder to cast,
                  | but a little more powerful. [Xom's grace]
   208 | D:1      | Gained mutation: You evolve. [Xom's grace]
   452 | D:2      | Reached XP level 3. HP: 26/29 MP: 3/3
   528 | D:2      | Found a runed translucent door.
   529 | D:2      | Noticed Crazy Yiuf
   591 | D:2      | XOM: enchant monster (good)
   595 | D:2      | Reached XP level 4. HP: 37/37 MP: 4/4
   760 | D:2      | Noticed Robin
   763 | D:2      | XOM: 1-stop teleportation journey
   859 | D:2      | XOM: summons 2 friendly demons
   874 | D:2      | Reached skill level 6 in Polearms
   900 | D:2      | HP: 18/37 [Robin/+0 spear (2)]
   905 | D:2      | HP: 13/37 [Robin/+0 spear (4)]
   910 | D:2      | HP: 8/37 [Robin/+0 spear (6)]
   915 | D:2      | HP: 7/37 [Robin/+0 spear (2)]
   921 | D:2      | Slain by Robin

Skill      XL: |  1  2  3  4 |
---------------+-------------+-----
Dodging        | 3 |  3.6
Polearms       | 5 6 |  6.0
Fighting       | |  3.9
Armour         | |  0.6

Action                   |  1- 3 |  4- 6 || total
-------------------------+-------+-------++-------
Melee: Spear             |    67 |    14 ||    81
 Stab: Sleeping          |     1 |       ||     1
       Paralysed         |     4 |       ||     4
       Petrified         |     3 |       ||     3
Armor: Leather armour    |     6 |     8 ||    14
Dodge: Dodged            |    25 |    33 ||    58

Levels and vault maps discovered:
D:1:      minmay_arrival_stair_chambers, layout_rooms
D:2:      layout_loops_corners, uniq_crazy_yiuf_cottage, uniq_robin
